 Dungeon Crawl Stone Soup version 0.31.0-9-g3a7656b989 (webtiles) character file.

Game seed: 13491569978970924574

105 qw the Skirmisher (level 4, -2/25 HPs)
             Began as a Deep Elf Hunter on Feb 3, 2024.
             Slain by an adder (3 damage)
             ... on level 3 of the Dungeon.
             The game lasted 00:00:06 (2066 turns).

qw the Skirmisher (Deep Elf Hunter)                 Turns: 2066, Time: 00:00:07

Health: -2/25      AC:  6    Str: 15    XL:     4   Next: 53%
Magic:  6/6        EV: 12    Int: 14    God:
Gold:   127        SH:  0    Dex: 18    Spells: 3/3 levels left

rFire   + . .        a - +1 shortbow
rCold   . . .        (shield currently unavailable)
rNeg    . . .        g - +3 leather armour of the Tired Xalams {Regen+ Str+5}
rPois   .            (no helmet)
rElec   .            (no cloak)
rCorr   .            (no gloves)
SInv    .            (no boots)
Will    .....        (no amulet)
Stlth   +            d - ring of protection from fire
HPRegen 1.04/turn    (no ring)
MPRegen 0.10/turn

%: no passive effects
@: lethally poisoned (-2 -> -2), on fire, about to teleport, glowing
A: no striking features
a: no special abilities


You were on level 3 of the Dungeon.
You visited 1 branch of the dungeon, and saw 3 of its levels.

You collected 127 gold pieces.


   Skills:
 - Level 1.5 Fighting
 - Level 8.0 Ranged Weapons
 + Level 2.4 Dodging
 - Level 1.2 Stealth


You had 3 spell levels left.
You didn't know any spells.
Your spell library was empty.

Inventory:

Hand Weapons
 a - a +1 shortbow (weapon)
Armour
 g - the +3 leather armour of the Tired Xalams (worn) {Regen+ Str+5}
   (You found it on level 2 of the Dungeon)

   Str+5:     It affects your strength (+5).
   Regen+:    It increases your rate of health regeneration.
Jewellery
 d - a ring of protection from fire (left hand)
Scrolls
 b - a scroll of identify
Potions
 e - 4 potions of curing
 h - a potion of might
 k - a potion of attraction {unknown}

Dungeon Overview and Level Annotations

Branches:
Dungeon (3/15)

Altars:
Sif Muna


Message History

The hobgoblin hits you. The adder completely misses you.
The bombardier beetle misses you.
You shoot an arrow. The arrow hits the bombardier beetle!
You kill the bombardier beetle!
The liquid fire burns you! The bat completely misses you.
A ball python comes into view.
The hobgoblin hits you. The adder bites you.
You shoot an arrow.
The arrow hits the adder but does no damage.
The liquid fire burns you! The bat barely misses you.
The adder bites you but does no damage. The hobgoblin misses you.
The ball python misses you. The ball python grabs you.
The ball python constricts you.
You shoot an arrow.
The arrow barely misses the ball python.
The liquid fire burns you! The bat hits you but does no damage.
The adder bites you but does no damage.
The hobgoblin hits you but does no damage.
The ball python barely misses you. The ball python constricts you.
The adder bites you.
You shoot an arrow. The arrow hits the ball python.
You kill the ball python!
The liquid fire burns you! The bat barely misses you.
The hobgoblin hits you but does no damage.
The adder bites you but does no damage.
Your Ranged Weapons skill increases to level 8!
2065 ||| READING scroll of teleportation.
As you read the scroll of teleportation, it crumbles to dust.
You feel strangely unstable. The liquid fire burns you! The adder bites you.
You are poisoned.
The adder poisons you! The hobgoblin misses you.
You shoot an arrow. The arrow misses the adder.
The liquid fire burns you!
You feel sick. The bat closely misses you. The adder closely misses you.
The hobgoblin barely misses you. The adder bites you.
You die...

.. #. ... #.
#...#.
#...#.#
+......
#......#####
#.....S...###
#@.....#
#....g..#.#
#.##.b......
.. #.#....##
#. #.#...## #
#.#.#.# #.#
#.# #.. #


You could see an adder, a hobgoblin and a bat.

Vanquished Creatures
  A bombardier beetle (D:3)
  An adder (D:2)
  2 dart slugs
  3 orcs
  3 ball pythons
  4 bats
  2 endoplasms
  3 giant cockroaches
  8 goblins
  8 hobgoblins
  5 jackals
  A quokka (D:1)
  2 frilled lizards (D:1)
  3 kobolds (D:2)
  4 rats
50 creatures vanquished.

Notes
Turn   | Place    | Note
-------+----------+-------------------------------------------
     0 | D:1      | qw the Deep Elf Hunter began the quest for the Orb.
     0 | D:1      | Reached XP level 1. HP: 12/12 MP: 3/3
     0 | D:1      | 0 ||| qw: Version: 0.3-a-155-g5e7d8dd
     0 | D:1      | 0 ||| qw: Game counter: 2919
     0 | D:1      | 0 ||| qw: Melee chars always use a shield: true
     0 | D:1      | 0 ||| qw: God list: Okawaru
     0 | D:1      | 0 ||| qw: Allow faded altars: false
     0 | D:1      | 0 ||| qw: Do Orc after clearing Dungeon:15 true
     0 | D:1      | 0 ||| qw: Do second Lair branch before Depths: true
     0 | D:1      | 0 ||| qw: Lair rune preference: random
     0 | D:1      | 0 ||| qw: Goals: Normal
     0 | D:1      | 0 ||| PLANNING D:1-11
    85 | D:1      | Reached skill level 6 in Ranged Weapons
    85 | D:1      | Reached XP level 2. HP: 16/16 MP: 4/4
   205 | D:1      | Found a faded altar of an unknown god.
   470 | D:1      | 470 ||| READING scroll labelled INLERPH QOTUGE.
  1064 | D:1      | 1064 ||| UPGRADING to ring of protection from fire.
  1065 | D:1      | 1065 ||| READING scroll labelled HUECLA ITAJA.
  1065 | D:1      | 1065 ||| IDENTIFYING murky puce potion
  1066 | D:1      | 1066 ||| READING scroll labelled SIQUAK XIONNEWA.
  1066 | D:1      | 1066 ||| ENCHANTING +0 shortbow.
  1067 | D:1      | 1067 ||| READING scroll labelled ZINUL JUASH.
  1068 | D:1      | 1068 ||| DRINKING 4 metallic orange potions.
  1069 | D:1      | 1069 ||| DROPPING scroll of butterflies.
  1158 | D:2      | Reached XP level 3. HP: 20/20 MP: 5/5
  1189 | D:2      | Found a shimmering blue altar of Sif Muna.
  1363 | D:2      | Identified the +3 leather armour of the Tired Xalams
                  | {Regen+ Str+5}
  1527 | D:2      | Reached skill level 7 in Ranged Weapons
  1917 | D:2      | 1917 ||| UPGRADING to +3 leather armour of the Tired Xalams
                  | {Regen+ Str+5}.
  1927 | D:2      | 1927 ||| DROPPING +0 leather armour.
  1928 | D:2      | 1928 ||| DROPPING ring of wizardry.
  1929 | D:2      | 1929 ||| READING scroll labelled KEUKUH QOQIECA.
  1930 | D:2      | 1930 ||| READING scroll labelled LIUHEO OGAOQY.
  1932 | D:2      | 1932 ||| Stepping ~*~*~tactically~*~*~ (cloud).
  1977 | D:3      | 1977 ||| STAIRDANCE
  1984 | D:3      | 1984 ||| STAIRDANCE
  1993 | D:3      | Reached XP level 4. HP: 11/25 MP: 6/6
  2064 | D:3      | HP: 5/25 [burnt (3)]
  2065 | D:3      | Reached skill level 8 in Ranged Weapons
  2065 | D:3      | 2065 ||| READING scroll of teleportation.
  2066 | D:3      | HP: 2/25 [burnt (2)]
  2066 | D:3      | Slain by an adder

Levels and vault maps discovered:
D:1:      minmay_arrival_stone_box, layout_basic, nicolae_ecumenical_lake_church
D:2:      layout_basic, basic_altar
D:3:      layout_basic

Skill      XL: |  1  2  3  4 |
---------------+-------------+-----
Ranged Weapons | 6 7 8 |  8.0
Fighting       | |  1.5
Dodging        | |  2.4
Stealth        | |  1.2

Action                     |  1- 3 |  4- 6 || total
---------------------------+-------+-------++-------
   Fire: Shortbow          |   110 |    14 ||   124
    Use: Scroll            |     6 |     1 ||     7
         Potion            |     1 |       ||     1
 Armour: Leather armour    |    27 |    19 ||    46
  Dodge: Dodged            |    25 |    17 ||    42

Table legend:
 A = Non-vault XP
 B = Vault XP
 C = Vault XP percentage of total XP
 D = Non-vault monster count
 E = Vault monster count
 F = Vault count percentage of total count
                 A         B        C        D         E       F
            +---------+---------+-------+---------+---------+-------
      Total |     150 |       0 |   0.0 |      50 |       0 |   0.0
            +---------+---------+-------+---------+---------+-------
        D:1 |      40 |       0 |   0.0 |      21 |       0 |   0.0
        D:2 |      54 |       0 |   0.0 |      24 |       0 |   0.0
        D:3 |      56 |       0 |   0.0 |       5 |       0 |   0.0
            +---------+---------+-------+---------+---------+-------
